[Event "Presidents Day GM-Norm 2024"]
[Site "Santa Clara"]
[Date "2024.02.17"]
[Round "3.3"]
[White "Harsha Bharathakoti"]
[Black "Wang, Isaac"]
[Result "1/2-1/2"]
[ECO "E33"]
[WhiteElo "2565"]
[BlackElo "2316"]
[Annotator "TA"]
[PlyCount "53"]
[EventDate "2024.02.13"]
[EventType "tourn"]
[EventCountry "USA"]
[SourceTitle "playchess.com"]
[Source "ChessBase"]
[SourceQuality "1"]
[TimeControl "5400+30"]

1. d4 Nf6 2. c4 e6 3. Nc3 Bb4 4. Qc2 Nc6 5. Nf3 d6 6. Bd2 O-O 7. a3 Bxc3 8. Bxc3 Re8 9. Rd1 Qe7 10. e3 e5 11. dxe5 dxe5 12. Be2 a5 13. O-O Bg4 14. Rfe1 a4 15. Nd2 Bxe2 16. Rxe2 Red8 17. Ree1 Qe6 18. f4 exf4 19. exf4 Qg4 20. Bxf6 gxf6 21. Ne4 Kg7 22. Ng3 Kh8 (22... Rxd1 $11 {remains equal.} 23. Qxd1 (23. Rxd1 Ra5 $14) 23... Qxd1 24. Rxd1 Ra6) 23. Rd5 $16 Re8 24. Rxe8+ Rxe8 25. Qf5 ({Much worse is} 25. Qxa4 $6 Qxf4 26. Qd1 Qe3+ 27. Kf1 Ne5 $11) (25. Rh5 $16 Qg6 26. Qc3 (26. Qxa4 $2 {too greedy.} Qd3 $19)) 25... Qxf5 $11 26. Nxf5 Ne7 27. Nxe7 {[%emt 0:00:18] Weighted Error Value: White=0.10 (very precise) /Black=0.14 (very precise) .  Mistake:       	White=1     	Black=1      Inaccurate:     	---       	Black=2      OK:         	White=6     	Black=7      Best:        	White=2     	Black=1} 1/2-1/2

[Event "Presidents Day GM-Norm 2024"]
[Site "Santa Clara"]
[Date "2024.02.17"]
[Round "3.4"]
[White "Jiang, Lucas"]
[Black "Atwell, Rose"]
[Result "1-0"]
[ECO "C01"]
[WhiteElo "2258"]
[BlackElo "2104"]
[Annotator "RC"]
[PlyCount "111"]
[EventDate "2024.02.13"]
[EventType "tourn"]
[EventCountry "USA"]
[SourceTitle "playchess.com"]
[Source "ChessBase"]
[SourceQuality "1"]
[TimeControl "5400+30"]

1. e4 e5 2. Nf3 Nf6 3. Nxe5 d6 4. Nf3 Nxe4 5. d3 Nf6 6. d4 d5 7. Bd3 Bd6 8. Qe2+ Be6 9. Ng5 Qe7 10. Nxe6 Qxe6 11. Nd2 Qxe2+ 12. Bxe2 O-O 13. O-O Re8 14. Bd3 Nbd7 15. c3 c6 16. b3 Nf8 17. Bb2 Ne4 18. Nxe4 dxe4 19. Bc2 Re7 20. Rae1 Rae8 21. g3 Nd7 22. Re2 f5 23. Rfe1 Nf6 24. f3 c5 25. fxe4 cxd4 26. cxd4 fxe4 27. Kg2 Bb4 28. Rf1 Rc8 29. Rf5 Bd6 30. h3 Kf7 31. g4 Kg6 32. d5 Rce8 33. h4 h6 34. h5+ Kf7 35. Rd2 e3 36. Re2 Be5 37. Ba3 Rc7 38. Bd3 Bd4 39. d6 Rc3 40. Bc4+ Rxc4 41. bxc4 Ke6 42. Kf3 Rc8 43. c5 b6 44. cxb6 axb6 45. Rf4 Ke5 46. Rf5+ Ke6 47. Rf4 Ke5 48. Bb2 Bxb2 49. Rxb2 Nd5 50. d7 Rd8 51. Rf7 Ke6 52. Rxg7 Rf8+ 53. Kg3 Nc3 54. Rxb6+ Kd5 55. Re7 e2 56. Rbe6 1-0

[Event "Presidents Day GM-Norm 2024"]
[Site "Santa Clara"]
[Date "2024.02.17"]
[Round "3.5"]
[White "Delgado Ramirez, Neuris"]
[Black "Atanasov, Anthony"]
[Result "0-1"]
[ECO "C42"]
[WhiteElo "2517"]
[BlackElo "2384"]
[Annotator "TA"]
[PlyCount "96"]
[EventDate "2024.02.13"]
[EventType "tourn"]
[EventCountry "USA"]
[SourceTitle "playchess.com"]
[Source "ChessBase"]
[SourceQuality "1"]
[TimeControl "5400+30"]

1. e4 e5 2. Nf3 Nf6 3. Nxe5 d6 4. Nf3 Nxe4 5. c4 Nc6 6. Nc3 Nxc3 7. dxc3 g6 8. Bg5 Be7 9. Bh6 Bf8 {[%emt 0:00:24] The position is equal.} 10. Be3 Bg7 11. Be2 Bf5 12. O-O O-O 13. Qd2 Re8 14. Rad1 a5 15. a4 b6 16. Rfe1 Qc8 17. h3 Ne5 18. Nd4 Be4 19. Bh6 Qd8 (19... Bxh6 $5 20. Qxh6 Qd8 $11) 20. Bf1 Bb7 21. Bg5 Bf6 22. Bxf6 Qxf6 23. f4 Nd7 24. Nb5 Rxe1 25. Rxe1 Rc8 26. b4 {[%emt 0:00:26] Dodges Nc5} Nf8 27. Nd4 (27. Be2 $11) 27... Ra8 $15 28. f5 axb4 (28... gxf5 $17 {White must now prevent ...axb4.} 29. b5 Ng6) 29. cxb4 Rxa4 30. Nb5 Qd8 31. Qh6 {[%emt 0:01:23] [#]} (31. f6 $15 Qxf6 (31... Ne6 32. Nc3 $16) 32. Nxc7) 31... Bc6 $1 $17 {[%emt 0:01:10] Black continues to play with concentration.} (31... gxf5 $6 32. Nd4 Be4 (32... Rxb4 33. Nxf5 Ne6 34. Rxe6 Qf8 35. Re8 Qxe8 36. Qg7#) 33. Bd3 $11) 32. Qd2 (32. Nxc7 $142 Qxc7 33. b5 Bxb5 34. fxg6 Qc5+ (34... Bxc4 35. Re8 Qc5+ 36. Kh1) 35. Kh2 hxg6 (35... Bxc4 36. gxh7+ Kh8 37. Bd3 Bxd3 38. Qxf8+ Kxh7 39. Qxf7+ Kh6 40. Re6+ Kg5 41. Qf6+ Kh5 42. Qh6#) 36. cxb5) 32... Bxb5 33. cxb5 Qf6 34. Re8 (34. Rc1 $17) 34... gxf5 $19 ({Stronger than} 34... Qxf5 35. Qh6) 35. Rc8 {[%emt 0:00:40] [#]} Ra7 36. Qe3 Kg7 37. Qf2 Ng6 38. g3 $2 (38. Re8) 38... Qe5 {[%emt 0:03:33] aiming for ...Qe6.} 39. Kh2 (39. Kh1 $142) 39... h5 {[%emt 0:00:27] ...h4 is the strong threat.} 40. h4 Qe6 41. Qd4+ Ne5 42. Rb8 Ra2+ 43. Bg2 {[%emt 0:01:02] [#]} f4 $1 {[%emt 0:03:09] ( -> ...f3)} 44. Kg1 (44. Ra8 f3) 44... f3 {[%emt 0:01:15] Black mates.} 45. Bf1 Qg4 46. Qf4 Qxf4 47. gxf4 Ng4 48. Re8 Rh2 {[%emt 0:00:03] Weighted Error Value: White=0.97/Black=0.22 (precise) .  Mistake:       	White=7     	Black=1      Inaccurate:     	White=2     	Black=2      OK:         	White=7     	Black=13     Best:        	White=1     	---        Strong:       	---       	Black=1} 0-1

[Event "Presidents Day GM-Norm 2024"]
[Site "Santa Clara"]
[Date "2024.02.17"]
[Round "4.1"]
[White "Sathish, Pranav"]
[Black "Atanasov, Anthony"]
[Result "0-1"]
[ECO "A06"]
[WhiteElo "2357"]
[BlackElo "2384"]
[Annotator "TA"]
[PlyCount "50"]
[EventDate "2024.02.13"]
[EventType "tourn"]
[EventCountry "USA"]
[SourceTitle "playchess.com"]
[Source "ChessBase"]
[SourceQuality "1"]
[TimeControl "5400+30"]

1. Nf3 d5 2. b3 Bf5 3. Bb2 e6 4. d3 Nf6 5. Nh4 h5 6. Nxf5 exf5 7. e3 c5 8. Qf3 {[%emt 0:01:40] The position is equal.} g6 9. Nd2 Nc6 10. Be2 Bd6 (10... Bg7 $15) 11. d4 (11. O-O $11 {keeps the balance.}) 11... Ne4 $17 12. Bb5 Qa5 13. Qe2 {[%emt 0:00:30] [#] dxc5 would now be deadly.} cxd4 14. Bxc6+ bxc6 15. Bxd4 O-O {[%emt 0:00:00] ...Bb4 is the strong threat.} 16. f3 (16. a3 $1 $15) 16... c5 17. Bb2 Nc3 $36 {[%emt 0:00:00][%mdl 2048] White is under strong pressure. Black is much more active.} 18. Qd3 Be5 ({But not} 18... Nxa2 $6 19. b4 Qa4 (19... Qxb4 20. Rxa2 Rfe8 21. O-O $16) (19... cxb4 20. Nb3 $16) 20. O-O $14 (20. Qxd5 Nxb4 21. Qxd6 Qxc2 $11)) 19. a3 $2 {[%emt 0:00:00] This move loses the game for White.} (19. f4 $17 Bg7 20. O-O) 19... Rfe8 20. Kf1 Rab8 {[%emt 0:00:00][%cal Oc5c4] [#] White must now prevent ...c4!} 21. b4 c4 {[%emt 0:00:00] Black is clearly winning.} 22. Nxc4 dxc4 23. Qxc4 Qa4 {[%emt 0:00:00] Strongly threatening ...Rbc8.} 24. Bxc3 Qxc2 25. Qe2 Qxc3 {[%emt 0:00:00] Weighted Error Value: White=0.86/Black=0.23 (precise) .  Loses game:     	White=1     	---        Mistake:       	White=2     	Black=1      Inaccurate:     	White=5     	---        OK:         	White=4     	Black=9      Best:        	White=1     	Black=1} 0-1

[Event "Presidents Day GM-Norm 2024"]
[Site "Santa Clara"]
[Date "2024.02.18"]
[Round "4.2"]
[White "Atwell, Rose"]
[Black "Delgado Ramirez, Neuris"]
[Result "1/2-1/2"]
[ECO "B13"]
[WhiteElo "2104"]
[BlackElo "2517"]
[Annotator "RC"]
[PlyCount "164"]
[EventDate "2024.02.13"]
[EventType "tourn"]
[EventCountry "USA"]
[SourceTitle "playchess.com"]
[Source "ChessBase"]
[SourceQuality "1"]
[TimeControl "5400+30"]

1. e4 c6 2. d4 d5 3. exd5 cxd5 4. Bd3 Nc6 5. c3 e6 6. Bf4 Nge7 7. Nf3 Ng6 8. Bg3 Bd6 9. Bxd6 Qxd6 10. O-O Bd7 11. Re1 f6 12. Nbd2 O-O 13. c4 Nf4 14. Bf1 dxc4 15. Nxc4 Qc7 16. Ne3 Ne7 17. Bc4 Qd6 18. g3 Nfd5 19. Bf1 Nxe3 20. fxe3 Bc6 21. Bc4 Kh8 22. Qe2 Nf5 23. Qf2 Qe7 24. e4 Nd6 25. Bd3 Qf7 26. Qe3 Qh5 27. Rac1 Qa5 28. a3 Qb6 29. b4 a5 30. bxa5 Rxa5 31. Rc3 Qa7 32. e5 Ne8 33. Be4 Bxe4 34. Qxe4 fxe5 35. Nxe5 Nf6 36. Rf1 Rd5 37. Rc7 Qxd4+ 38. Qxd4 Rxd4 39. Rxb7 Rd5 40. Ng4 Kg8 41. Nxf6+ Rxf6 42. Rc1 h5 43. Rcc7 Rg6 44. Kg2 Rd3 45. Kh3 Rxa3 46. Rc5 h4 47. Kxh4 Ra4+ 48. Kh3 Rh6+ 49. Kg2 Ra2+ 50. Kf3 Raxh2 51. Rc8+ Kh7 52. Rcc7 Rg6 53. Re7 Rh5 54. Rb6 Re5 55. Rc6 Kh6 56. Rb6 Rf6+ 57. Kg2 Re3 58. Rc6 g6 59. Rb6 Kg5 60. Ra6 Kf5 61. Rb6 Re4 62. Reb7 Rd4 63. Rb3 Ke4 64. Re7 e5 65. Rb1 Rd2+ 66. Kh3 Re2 67. Kg4 Rc6 68. Rb5 Kd4 69. Rb4+ Kc3 70. Rb1 Kc2 71. Rb4 Rc3 72. Re6 Ree3 73. Rxg6 Rxg3+ 74. Kf5 Rcf3+ 75. Ke4 Re3+ 76. Kf5 Rxg6 77. Kxg6 e4 78. Kf5 Kd3 79. Ke5 Re2 80. Rd4+ Ke3 81. Rxe4+ Kf3 82. Rxe2 Kxe2 1/2-1/2

[Event "Presidents Day GM-Norm 2024"]
[Site "Santa Clara"]
[Date "2024.02.18"]
[Round "4.3"]
[White "Wang, Isaac"]
[Black "Jiang, Lucas"]
[Result "1/2-1/2"]
[ECO "C45"]
[WhiteElo "2316"]
[BlackElo "2258"]
[Annotator "TA"]
[PlyCount "157"]
[EventDate "2024.02.13"]
[EventType "tourn"]
[EventCountry "USA"]
[SourceTitle "playchess.com"]
[Source "ChessBase"]
[SourceQuality "1"]
[TimeControl "5400+30"]

1. e4 e5 2. Nf3 Nc6 3. d4 exd4 4. Nxd4 Bc5 5. Nb3 Bb6 6. Nc3 Nf6 7. Bg5 O-O 8. Qe2 h6 9. Bh4 a5 10. a4 $1 Nd4 11. Nxd4 Bxd4 12. O-O-O Bxc3 13. bxc3 {[%emt 0:00:05] [#] Und e5 würde nun gewinnen.} Qe7 {[%emt 0:01:40][%cal Oa8a6] und nun wäre ...Ra6! stark für Schwarz.} 14. e5 (14. Qf3 {vereinfacht} Qxe4 15. Bxf6 Qxf3 16. gxf3 gxf6 17. Rd4) 14... Qa3+ 15. Kd2 $1 (15. Kb1 d6 (15... Qxa4 $2 16. Rd4 $18) 16. f4 (16. exf6 $2 Be6 $19) 16... Bg4 $19) 15... Qxa4 16. Bxf6 Qf4+ (16... gxf6 17. Qe3 Qh4 18. exf6 Qxf6 19. Qg3+ Kh8 20. Qxc7 $17) 17. Qe3 Qxe3+ 18. fxe3 gxf6 19. exf6 Re8 20. Bd3 d6 21. g4 Re5 $36 {[%emt 0:02:21][%cal Oa5a4][%mdl 2048] Schwarz hat Druck.} (21... Bxg4 $2 22. Rdg1 Kh8 (22... h5 $2 23. h3 $18) 23. Rxg4 $18) 22. Rdf1 a4 (22... Bxg4 $2 23. Rhg1 $18) 23. Rf4 (23. Rf3 $15) 23... Bd7 24. h4 a3 25. c4 Be6 26. Ra1 Raa5 27. Rd4 Kf8 28. Be2 (28. Re4 $17) 28... a2 $19 29. Bf3 Ra7 30. Be2 Ke8 31. Bf3 Kd7 32. c3 (32. Be2 $142) 32... b5 33. cxb5 Rxb5 34. Rb4 (34. Kc2 $142) 34... Rxb4 35. cxb4 {[%emt 0:00:01][%mdl 4096] Endspiel. KRB-KRB} c5 36. bxc5 dxc5 37. g5 hxg5 38. hxg5 Kd6 39. Be4 Ke5 40. Bc2 Ra3 41. Bd3 Ra4 42. g6 Kxf6 43. gxf7 Kxf7 44. Bc2 {[%emt 0:01:32] Gegen c4 gerichtet.} Ra3 {[%emt 0:00:08] Zielt auf ...c4 ab.} 45. e4 $2 (45. Kc1) 45... Kf6 46. Kc1 Ke5 47. Kb2 Rf3 48. Rd1 Rg3 49. Ka1 Ra3 50. Kb2 Ra7 {[%emt 0:00:10] Droht ...c4 und aus.} 51. Ka1 (51. Ra1 $142) 51... Rb7 $2 (51... c4 {...c3 wäre nun fies.} 52. Rg1 c3 53. Rg5+ Kd4) 52. Rd8 Rb4 53. Rd1 Rb6 54. Rd8 Kf4 $2 (54... Ra6 $19 {ist viel giftiger. Droht stark ...c4.} 55. Rd3 Ra8 (55... Kxe4 $2 56. Ra3+ Kf4 57. Rxa6 $18)) 55. Rd3 $2 (55. Rf8+ $17 {ist der einzige Weg für Weiss..} Ke5 56. Rf1) 55... Ra6 (55... Kxe4 $2 56. Rd6+ Ke3 57. Rxb6 $18) 56. Rd1 (56. e5 {ist wohl besser.} Kxe5 57. Re3+ Kd6 58. Rd3+ Kc6 59. Re3) 56... Ra3 57. Kb2 Ra6 58. Ka1 $1 c4 59. Kb2 $2 (59. Rf1+ Ke5 60. Rf3) 59... Ke3 $2 (59... c3+ 60. Ka1 Bc4) 60. Ka1 Kf4 (60... Bg4 $19 61. Rd8 Kf4) 61. Kb2 $1 {[%emt 0:00:24] [#]} c3+ $1 62. Ka1 Ke5 63. Rd3 Rc6 (63... Kxe4 $2 {geht unter.} 64. Rd6+ (64. Rxc3+ Kd4 $11) 64... Ke5 65. Rxa6 $18) 64. Rd8 Rc7 65. Rd1 Rb7 66. Rd3 Rg7 (66... Kxe4 67. Rd7+ (67. Rxc3+ Kd4 $11) 67... Ke3 68. Rxb7 $18) 67. Rd1 Rg2 68. Ba4 Rb2 (68... Kxe4 69. Bc6+ Ke3 70. Bxg2 $18) 69. Rc1 Kd4 70. Bc2 Kc5 71. e5 Kb4 72. Bd3 Rd2 73. Bc2 Rh2 74. Bd3 Rg2 75. Be4 Re2 76. Bd3 Rb2 (76... Re3 $142 77. Bc2 Bb3 (77... Rxe5 $2 78. Rh1 $19)) 77. Bc2 Kc5 $2 (77... Bb3 $19 78. Bd3 Rd2) 78. Bf5 $1 $11 Bxf5 79. Rxc3+ {[%emt 0:00:04] Gewichteter Fehlerwert: Weiß=0.53/Schwarz=0.59.  Gewinn verpasst:   	---       	Schwarz=1     Fehler:       	Weiß=9     	Schwarz=2     Ungenau:       	Weiß=4     	Schwarz=3     OK:         	Weiß=11    	Schwarz=18    Bester:       	Weiß=4     	Schwarz=6     Stark:        	Weiß=5     	---        Brilliant:      	---       	Schwarz=1} 1/2-1/2

[Event "Presidents Day GM-Norm 2024"]
[Site "Santa Clara"]
[Date "2024.02.17"]
[Round "4.4"]
[White "Deng, Henry"]
[Black "Harsha Bharathakoti"]
[Result "1/2-1/2"]
[ECO "C50"]
[WhiteElo "2281"]
[BlackElo "2565"]
[Annotator "TA"]
[PlyCount "78"]
[EventDate "2024.02.13"]
[EventType "tourn"]
[EventCountry "USA"]
[SourceTitle "playchess.com"]
[Source "ChessBase"]
[SourceQuality "1"]
[TimeControl "5400+30"]

1. e4 e5 2. Nf3 Nc6 3. Bc4 Bc5 4. Nc3 Nf6 5. d3 d6 6. Na4 Bb6 7. a3 h6 8. h3 Ne7 9. O-O Ng6 10. c3 O-O 11. b4 Nh7 12. Re1 Bd7 13. Nxb6 axb6 14. Bb3 Qf6 15. a4 Be6 16. Be3 Rfd8 17. d4 Qe7 18. Bxe6 Qxe6 19. Qc2 Nf6 20. d5 Qe8 21. c4 Ra6 22. Ra2 Nd7 23. Rea1 Ne7 24. a5 Rda8 25. Nd2 Rc8 26. axb6 Rxa2 27. Rxa2 {[%emt 0:00:27] [#] bxc7 is the strong threat.} cxb6 28. Qa4 Qd8 29. Qb5 Qc7 30. Ra1 Kh7 31. Nb3 {[%emt 0:01:49][%cal Oc4c5] White is much more active.} f5 32. exf5 ({Better is} 32. Ra7 $16) 32... Nxf5 $11 {[%emt 0:00:05] The position is equal.} 33. Nd2 Nxe3 34. fxe3 Nf6 35. Qa4 Kh8 36. Rf1 Qd8 37. Ra1 Qc7 38. Rf1 Qd8 39. Ra1 Qc7 {[%emt 0:02:10] Weighted Error Value: White=0.10 (very precise) /Black=0.08 (flawless) .  Mistake:       	White=1     	---        Inaccurate:     	White=1     	Black=2      OK:         	White=10    	Black=14     Best:        	White=1     	---} 1/2-1/2

[Event "Presidents Day GM-Norm 2024"]
[Site "Santa Clara"]
[Date "2024.02.17"]
[Round "4.5"]
[White "Stearman, Josiah"]
[Black "Budisavljevic, Luka"]
[Result "1/2-1/2"]
[ECO "D14"]
[WhiteElo "2455"]
[BlackElo "2475"]
[Annotator "TA"]
[PlyCount "42"]
[EventDate "2024.02.13"]
[EventType "tourn"]
[EventCountry "USA"]
[SourceTitle "playchess.com"]
[Source "ChessBase"]
[SourceQuality "1"]
[TimeControl "5400+30"]

1. c4 c6 2. d4 d5 3. cxd5 cxd5 4. Nf3 Nc6 5. Nc3 Nf6 6. Bf4 Bf5 7. e3 e6 8. Bd3 Bxd3 9. Qxd3 Bd6 10. Bxd6 Qxd6 11. O-O O-O 12. a3 a6 13. Rfc1 Rac8 {[%emt 0:00:13] The position is equal.} 14. h3 h6 15. Nd2 Ne7 16. Ne2 Rxc1+ 17. Rxc1 Rc8 18. Rxc8+ Nxc8 19. Qc2 Ne7 20. Nf4 Qc6 21. Qxc6 Nxc6 {[%emt 0:00:05] A rather calm draw.   Weighted Error Value: White=0.03 (flawless) /Black=0.03 (flawless) .  OK:         	White=3     	Black=3} 1/2-1/2

[Event "Presidents Day GM-Norm 2024"]
[Site "Santa Clara"]
[Date "2024.02.18"]
[Round "5.1"]
[White "Budisavljevic, Luka"]
[Black "Sathish, Pranav"]
[Result "1/2-1/2"]
[ECO "D13"]
[WhiteElo "2475"]
[BlackElo "2357"]
[Annotator "TA"]
[PlyCount "97"]
[EventDate "2024.02.13"]
[EventType "tourn"]
[EventCountry "USA"]
[SourceTitle "playchess.com"]
[Source "ChessBase"]
[SourceQuality "1"]
[TimeControl "5400+30"]

1. d4 d5 2. c4 c6 3. cxd5 cxd5 4. Nc3 Nf6 5. Bf4 Nc6 6. e3 a6 7. Be2 Bf5 8. Nf3 e6 9. Qb3 Bb4 10. Ne5 {[%emt 0:02:45] [#] Nxc6 would now be deadly.} Bxc3+ 11. bxc3 {[%emt 0:00:14] White is slightly better.} O-O 12. Qxb7 Qa5 13. O-O (13. Nxc6 Qxc3+ 14. Kd1 Bc2+ (14... Qxa1+ 15. Kd2 Ne4+ 16. Kc2 Qc3+ 17. Kd1 Nxf2#) 15. Kc1 Ba4+ 16. Kb1 Qc2#) (13. Qxc6 $2 Rfc8 14. O-O Rxc6 15. Nxc6 Qa3 $19 (15... Qxc3 16. Ne7+ Kh8 17. Nxf5 $15)) 13... Nxe5 14. Bxe5 {[%emt 0:00:47] And now Qb4 would win. This pair of bishops is nice.} Ne4 (14... Qxc3 $11 {remains equal.} 15. Rfc1 (15. Bxa6 Qa3 $11) 15... Qd2) 15. Qb4 {[%emt 1:23:33] White is more active.} Qxb4 16. cxb4 Nc3 17. Bf3 Bd3 18. Rfe1 Rfc8 19. Bd6 a5 20. a3 Ra6 21. Bc5 axb4 22. axb4 Rca8 {[%emt 0:00:00] [#]} 23. Ra5 f6 ({But not} 23... Rxa5 $2 24. bxa5 Rb8 (24... Rxa5 $2 {is the wrong capture.} 25. Bb4 $18) 25. Ra1 $16) (23... Na4 24. Rd1) 24. h4 Na2 25. e4 Rxa5 26. bxa5 dxe4 27. Bxe4 Bxe4 28. Rxe4 Rxa5 29. Rxe6 $16 {[%emt 0:00:00][%mdl 4096] Endgame. KRB-KRN} Nc3 30. Re3 Nd5 31. Rb3 Nf4 32. Bb6 Rd5 33. g3 Ne6 ({Reject} 33... Ne2+ $6 34. Kg2 $16) 34. Rb4 Rd7 35. Rc4 Rd6 36. Bc5 Rd5 37. f3 Kf7 38. Kf2 f5 39. Ke3 Kf6 40. Bb4 h6 41. Rc6 ({White should play} 41. g4 $16) 41... f4+ $1 $14 42. gxf4 {[%emt 0:00:00] aiming for Rd6.} Kf5 $1 43. Bc5 Nxf4 44. Rc8 {[%emt 0:00:00] Rf8+ is the strong threat.} Ng2+ {[%emt 0:00:00] The position is equal.} 45. Kd3 {[%emt 0:00:00] Black must now prevent Rf8+.} Nxh4 46. Kc4 Rd7 47. Rf8+ Kg6 48. Rf4 Kg5 49. Rg4+ {[%emt 0:01:37] Weighted Error Value: White=0.16 (very precise) /Black=0.11 (very precise) .  Mistake:       	White=1     	Black=1      Inaccurate:     	White=7     	Black=7      OK:         	White=15    	Black=17     Best:        	White=2     	Black=3      Strong:       	---       	Black=2} 1/2-1/2

[Event "Presidents Day GM-Norm 2024"]
[Site "Santa Clara"]
[Date "2024.02.18"]
[Round "5.2"]
[White "Harsha Bharathakoti"]
[Black "Stearman, Josiah"]
[Result "1-0"]
[ECO "A37"]
[WhiteElo "2565"]
[BlackElo "2455"]
[Annotator "TA"]
[PlyCount "69"]
[EventDate "2024.02.13"]
[EventType "tourn"]
[EventCountry "USA"]
[SourceTitle "playchess.com"]
[Source "ChessBase"]
[SourceQuality "1"]
[TimeControl "5400+30"]

1. c4 c5 2. Nf3 Nc6 3. g3 g6 4. Bg2 Bg7 5. Nc3 d6 6. O-O e5 7. a3 Nge7 8. Rb1 a5 9. d3 O-O 10. Bd2 f5 11. Ne1 f4 12. Nd5 g5 13. b4 {[%emt 0:01:45] White is slightly better.} (13. e3 {is interesting.} Nxd5 14. Bxd5+ Kh8 15. exf4 gxf4 16. gxf4 Bh3 17. Ng2) 13... axb4 14. axb4 cxb4 (14... Nxd5 {feels hotter.} 15. Bxd5+ Kh8 16. bxc5 dxc5 17. Nf3 g4) 15. Bxb4 Nxb4 16. Nxe7+ Qxe7 17. Rxb4 h5 18. Qb3 Ra7 19. c5+ Kh8 20. cxd6 Qxd6 21. Nf3 ({But not} 21. Bxb7 Be6 22. Qb1 Ba2 $11) 21... Qe7 22. Rb6 Bf6 (22... fxg3 $14 23. hxg3 h4) 23. Nd2 $16 {[%emt 0:02:11] White has more active pieces.} g4 24. Ne4 {[%emt 0:02:58] Hoping for Nxf6.} Bg7 25. Nd6 Bd7 (25... Be6 $16 {was necessary.} 26. Bd5 Ra6 27. Rxa6 (27. Bxe6 Rxb6 28. Qxb6 Qxe6 $16) 27... bxa6) 26. Bd5 $18 {[%emt 0:02:42] Nf7+ is the strong threat.} ({Weaker is} 26. Nxb7 f3 27. exf3 gxf3 $11) 26... Bf6 27. Ne4 h4 28. Nxf6 Rxf6 29. Rxb7 Rxb7 30. Qxb7 fxg3 31. hxg3 hxg3 32. fxg3 {[%emt 0:00:05] [#] White wants to mate with Rxf6.} Qc5+ (32... Rxf1+ $16 33. Kxf1 Kg7) 33. Kg2 Rxf1 34. Kxf1 {[%emt 0:00:06] Threatening mate with Qb8+.} Bc8 $2 (34... Qd6 $18 35. Qa8+ Kh7 36. Qg8+ Kh6) 35. Qf7 {[%emt 0:00:34] Weighted Error Value: White=0.07 (flawless) /Black=0.52.  Mistake:       	---       	Black=4      Inaccurate:     	White=1     	Black=2      OK:         	White=7     	Black=4      Best:        	White=4     	---} 1-0

[Event "Presidents Day GM-Norm 2024"]
[Site "Santa Clara"]
[Date "2024.02.18"]
[Round "5.3"]
[White "Jiang, Lucas"]
[Black "Deng, Henry"]
[Result "1/2-1/2"]
[ECO "B40"]
[WhiteElo "2258"]
[BlackElo "2281"]
[Annotator "TA"]
[PlyCount "55"]
[EventDate "2024.02.13"]
[EventType "tourn"]
[EventCountry "USA"]
[SourceTitle "playchess.com"]
[Source "ChessBase"]
[SourceQuality "1"]
[TimeControl "5400+30"]

1. e4 c5 2. Nf3 e6 3. d4 cxd4 4. Nxd4 Nf6 5. Bd3 Nc6 6. Nxc6 dxc6 7. Nd2 e5 8. O-O Bc5 9. Nb3 Bd6 10. h3 h6 11. Be3 {[%emt 0:02:02] The position is equal.} O-O 12. Qe2 Qe7 13. a4 a5 14. Nd2 Be6 15. Bc4 Nd7 16. Rfd1 Bc5 17. Bxe6 Qxe6 18. Nc4 {[%emt 0:01:02][%cal Od1d7] Rxd7! would now be deadly.} Bxe3 19. Nxe3 {[%emt 0:02:07] Strongly threatening Nf5.} Rfd8 20. Nf5 {[%emt 0:04:46] And now Rd6 would win. White is more active.} (20. Qc4 {simplifies} Qxc4 21. Nxc4 Kf8 22. f3) 20... Nc5 {[%emt 0:02:29] [#]} 21. Qe3 $1 b6 22. b3 ({Better is} 22. Rxd8+ $16 Rxd8 23. b4 axb4 24. a5) 22... Kh7 $11 23. Qe2 g6 24. Ng3 Kg7 25. Qe3 Rd6 26. Rd2 Rad8 27. Rad1 Rxd2 28. Rxd2 {[%emt 0:44:14] Weighted Error Value: White=0.14 (very precise) /Black=0.09 (flawless) .  Mistake:       	White=1     	---        Inaccurate:     	White=2     	Black=3      OK:         	White=3     	Black=5      Best:        	---       	Black=2      Strong:       	White=1     	---} 1/2-1/2

[Event "Presidents Day GM-Norm 2024"]
[Site "Santa Clara"]
[Date "2024.02.18"]
[Round "5.4"]
[White "Delgado Ramirez, Neuris"]
[Black "Wang, Isaac"]
[Result "1/2-1/2"]
[ECO "B43"]
[WhiteElo "2517"]
[BlackElo "2316"]
[Annotator "TA"]
[PlyCount "80"]
[EventDate "2024.02.13"]
[EventType "tourn"]
[EventCountry "USA"]
[SourceTitle "playchess.com"]
[Source "ChessBase"]
[SourceQuality "1"]
[TimeControl "5400+30"]

1. e4 c5 2. Nf3 e6 3. d4 cxd4 4. Nxd4 a6 5. Nc3 b5 6. Bd3 Bb7 7. O-O Nc6 8. Nf3 d6 9. a4 b4 10. Na2 {[%emt 0:00:02] The position is equal.} Nf6 11. Bd2 Be7 12. Re1 a5 13. c3 bxc3 14. Nxc3 O-O 15. Rc1 Nb4 16. Bb1 Rc8 17. Nd4 Nd7 18. Ndb5 Ne5 19. Bf4 Ba6 20. Qe2 Qd7 21. Red1 {[%emt 0:02:21] Bxe5 would now be deadly.} Qb7 22. Bg3 Rcd8 23. Kh1 Nec6 24. f4 g6 (24... d5 $5) 25. Qe3 d5 26. exd5 exd5 27. Qf3 d4 28. Na2 Nxa2 29. Bxa2 Nb4 30. Qxb7 Bxb7 31. Rc7 $1 Bf6 32. Rxb7 Nxa2 33. Rb6 Bg7 {[%emt 0:01:35] [#]} 34. f5 $1 Rfe8 (34... d3 35. Bc7) 35. Nd6 (35. f6 Bf8) 35... Re2 36. f6 Bxf6 37. Nb7 $1 Rd7 38. Rxf6 Rxb7 39. Rxd4 {[%emt 0:00:04] [#]} (39. h3 $11) 39... Rbxb2 (39... Nc3 $1 $17 {With the idea ...Ne4.} 40. h3 Ne4 (40... Rexb2 $2 {loses.} 41. Be5 $18) (40... Rbxb2 41. Rc6 $11)) 40. Rf1 (40. h3 $11 {remains equal.}) 40... Rbd2 {[%emt 0:01:10] Weighted Error Value: White=0.12 (very precise) /Black=0.07 (flawless) .  Mistake:       	White=2     	Black=1      Inaccurate:     	White=2     	Black=2      OK:         	White=16    	Black=19     Best:        	White=1     	Black=1      Strong:       	White=2     	---} (40... Rxg2 $2 {perishes.} 41. Rd8+ Kg7 42. Be5+ Kh6 43. Bxb2 Rxb2 44. Rxf7 $18) 1/2-1/2